 Dungeon Crawl Stone Soup version 0.31-a0-774-g0d66cbabe8 (webtiles) character file.

Game seed: 7649596591663997542

4007 DocEon the Carver (level 10, -2/56 HPs)
             Began as a Gargoyle Fighter on Sept 18, 2023.
             Was a Priest of Okawaru.
             Slain by a goblin
             ... wielding a +0 spear
              (4 damage)
             ... while paralysed by Joseph
             ... on level 8 of the Dungeon.
             The game lasted 00:11:24 (8694 turns).

DocEon the Carver (Gargoyle Fighter)                Turns: 8694, Time: 00:11:24

Health: -2/56      AC: 20    Str: 21    XL:     10   Next: 23%
Magic:  13/13      EV:  2    Int: 10    God:    Okawaru [***...]
Gold:   862        SH:  0    Dex: 11    Spells: 9/9 levels left

rFire   . . .        a - +1 scimitar
rCold   + . .        p - +0 kite shield
rNeg    + . .        A - +1 chain mail {rC+}
rPois   ∞            B - +1 helmet {SInv}
rElec   +            (no cloak)
rCorr   .            (no gloves)
SInv    +            t - +0 pair of boots
Will    .....        e - amulet of the acrobat Stlth
                     q - ring of see invisible
HPRegen 0.29/turn    (no ring)
MPRegen 0.13/turn

%: acrobat
@: paralysed, mighty
A: sickness immunity, AC +7, negative energy resistance 1, electricity
resistance, torment resistance 1, petrification resistance
a: Renounce Religion, Heroism


You were on level 8 of the Dungeon.
You worshipped Okawaru.
Okawaru was most pleased with you.
You visited 1 branch of the dungeon, and saw 8 of its levels.

You collected 1328 gold pieces.
You spent 466 gold pieces at shops.

Inventory:

Hand Weapons
 a - a +1 scimitar (weapon)
 b - a +2 sling of electrocution
Missiles
 z - 17 poisoned darts
Armour
 h - a +1 ring mail of willpower
 i - a +2 helmet
 p - a +0 kite shield (worn)
 t - a +0 pair of boots (worn)
 A - a +1 chain mail of cold resistance (worn)
 B - a +1 helmet of see invisible (worn)
Jewellery
 e - an amulet of the acrobat (around neck)
 q - a ring of see invisible (left hand)
 r - an amulet of regeneration
Wands
 j - a wand of acid (2)
 l - a wand of iceblast (10)
 m - a wand of paralysis (1)
 y - a wand of flame (11)
Scrolls
 w - a scroll of teleportation
Potions
 c - 2 potions of enlightenment
 f - a potion of cancellation
 g - a potion of ambrosia
 k - a potion of haste {unknown}
 o - a potion of degeneration {unknown}
 s - a potion of curing
 u - a potion of resistance {unknown}
 v - a potion of berserk rage {unknown}
 x - a potion of brilliance {unknown}


   Skills:
 - Level 3.2 Fighting
 * Level 12.6 Long Blades
 - Level 3.2 Armour
 - Level 3.2 Shields
 - Level 5.0 Invocations


You had 9 spell levels left.
You didn't know any spells.
Your spell library contained the following spells:

 Spells                   Type           Power      Damage    Failure   Level
 Necrotise                Necr           0%         1d4       100%        1
 Ozocubu's Armour         Ice            0%         N/A       100%        3
 Vampiric Draining        Necr           0%         2d6       100%        3
 Agony                    Necr           0%         N/A       100%        5
 Orb of Destruction       Conj           0%         9d5       100%        7
 Ozocubu's Refrigeration  Ice            0%         4d7       100%        7
 Summon Guardian Golem    Hex/Summ       Unusable   N/A       N/A         3
 Spellforged Servitor     Conj/Summ      Unusable   N/A       N/A         7

Dungeon Overview and Level Annotations

Branches:
Dungeon (8/15)             Temple (0/1) D:5
   Lair: D:8-11

Altars:
Cheibriados
Kikubaaqudgha
Okawaru
Ru
Sif Muna
The Shining One

Shops:
D:5 !   D:7 [

Annotations:
D:5 Edmund
D:8 Joseph


Innate Abilities, Weirdness & Mutations

You are immune to sickness and miasma.
Your stone body is resilient. (AC +7)
You are immune to poison.
You resist negative energy. (rN+)
You are resistant to electric shocks. (rElec)
You are resistant to unholy torment.
You are immune to petrification.


Message History

Joseph hits you with a +1 quarterstaff of speed!
The goblin completely misses you. You block the goblin's attack.
The goblin hits you but does no damage. x2
You hit Joseph but do no damage.
Joseph is moderately wounded.
You block Joseph's attack.
The goblin hits you but does no damage. x3
You block the goblin's attack.
You barely miss Joseph.
Joseph is moderately wounded.
Joseph hits you with a +1 quarterstaff of speed!
* * * LOW HITPOINT WARNING * * *
Joseph hits you with a +1 quarterstaff of speed.
* * * LOW HITPOINT WARNING * * *
You feel very mighty all of a sudden. The goblin hits you but does no damage.
You block the goblin's attack. The goblin barely misses you.
The goblin hits you but does no damage.
Joseph hits you with a +1 quarterstaff of speed.
* * * LOW HITPOINT WARNING * * *
You feel better. You block the goblin's attack.
The goblin hits you from afar with a +0 spear.
* * * LOW HITPOINT WARNING * * *
The goblin hits you but does no damage. The goblin hits you with a +0 spear.
* * * LOW HITPOINT WARNING * * *
Joseph hits you with a +1 quarterstaff of speed.
* * * LOW HITPOINT WARNING * * *
Okay, then.
Joseph zaps a wand.
You suddenly lose the ability to move!
The goblin attacks as it pursues you!
The goblin hits you from afar with a +0 spear.
* * * LOW HITPOINT WARNING * * *
The goblin hits you but does no damage. x3
Joseph unwields a +1 quarterstaff of speed.
Joseph wields a +3 sling of flaming.
It bursts into flame!
Joseph shoots a sling bullet.
The sling bullet hits you.
* * * LOW HITPOINT WARNING * * *
The sling bullet burns you.
* * * LOW HITPOINT WARNING * * *
The goblin hits you but does no damage. x2
The goblin hits you from afar with a +0 spear.
You die...

.. #...##........... ..
#. #...##......# ...
...###.##...........#####
....................)....
....)............##......
..........#.....##......
##........#.....##......
#...g....#.....####+##.
#...g.@..#.###.# #.
#...@....#.# #.# #.
#...gg...#.# #.# ##
##.#.##### #..#. ... ..
.~~ ~~~ . #.## ..


You could see Joseph and 4 goblins.

Vanquished Creatures
  Maggie (D:8)
  A troll (D:7)
  Grinder (D:3)
  A water moccasin (D:5)
  6 black bears
  An orc warrior (D:7)
  An ice beast (D:7)
  A sky beast (D:7)
  An ogre (D:5)
  3 phantoms
  2 centaurs
  A kobold brigand (D:4)
  A gnoll sergeant (D:4)
  A bullfrog (D:7)
  A scorpion (D:6)
  5 wights
  6 killer bees (D:8)
  A howler monkey (D:6)
  An orc priest (D:7)
  9 hounds
  3 jellies
  3 gnoll boudas
  2 sleepcaps
  Jessica (D:2)
  Terence (D:3)
  3 iguanas
  2 orc wizards (D:7)
  Robin (D:3)
  18 gnolls
  14 adders
  A shadow imp (D:6)
  An ufetubus (D:5)
  2 worms (D:2)
  A dart slug (D:5)
  17 orcs
  11 ball pythons
  8 bats
  4 endoplasms
  4 giant cockroaches
  8 goblins
  13 hobgoblins
  2 quokkas
  4 frilled lizards
  7 kobolds
  6 rats
182 creatures vanquished.

Notes
Turn   | Place    | Note
-------+----------+-------------------------------------------
     0 | D:1      | DocEon the Gargoyle Fighter began the quest for the Orb.
     0 | D:1      | Reached XP level 1. HP: 14/14 MP: 1/1
    78 | D:1      | Reached skill level 2 in Long Blades
   203 | D:1      | Reached XP level 2. HP: 18/19 MP: 2/2
   616 | D:1      | Reached skill level 3 in Long Blades
   786 | D:2      | Reached XP level 3. HP: 22/23 MP: 3/3
  1109 | D:2      | Found a faded altar of an unknown god.
  1142 | D:2      | Noticed Jessica
  1154 | D:2      | Killed Jessica
  1155 | D:2      | Reached skill level 4 in Long Blades
  1155 | D:2      | Reached XP level 4. HP: 28/28 MP: 4/4
  2171 | D:3      | Noticed Grinder
  2178 | D:3      | Found a shimmering blue altar of Sif Muna.
  2222 | D:3      | Noticed Robin
  2261 | D:3      | Reached XP level 5. HP: 20/32 MP: 5/5
  2272 | D:3      | Killed Robin
  2384 | D:3      | Killed Grinder
  2385 | D:3      | Reached skill level 6 in Long Blades
  2385 | D:3      | Reached XP level 6. HP: 37/37 MP: 6/6
  2450 | D:3      | Noticed Terence
  2468 | D:3      | Killed Terence
  2597 | D:3      | Noticed a black bear
  2611 | D:3      | Killed a black bear
  2612 | D:3      | Reached XP level 7. HP: 34/41 MP: 7/7
  2952 | D:4      | Found an iron altar of Okawaru.
  2960 | D:4      | Became a worshipper of Warmaster Okawaru
  2974 | D:4      | Reached skill level 7 in Long Blades
  3001 | D:4      | Found a sacrificial altar of Ru.
  3001 | D:4      | Found a glowing golden altar of the Shining One.
  3553 | D:4      | Reached skill level 8 in Long Blades
  3938 | D:5      | Entered Level 5 of the Dungeon
  4132 | D:5      | Noticed Edmund
  4282 | D:4      | Reached XP level 8. HP: 13/46 MP: 8/8
  4560 | D:5      | Reached * piety under Okawaru
  4631 | D:5      | Reached skill level 9 in Long Blades
  4863 | D:5      | Found Engainuu's Distillery.
  4868 | D:5      | Bought a potion of heal wounds for 65 gold pieces
  4868 | D:5      | Bought a potion of curing for 39 gold pieces
  4877 | D:5      | Found a staircase to the Ecumenical Temple.
  5111 | D:5      | Reached ** piety under Okawaru
  5112 | D:5      | Reached skill level 10 in Long Blades
  5470 | D:6      | Reached XP level 9. HP: 47/51 MP: 9/9
  6116 | D:6      | Reached skill level 1 in Invocations
  6188 | D:6      | Identified a scroll of acquirement
  6188 | D:6      | Acquired 867 gold pieces
  6211 | D:6      | Reached skill level 11 in Long Blades
  6791 | D:7      | Found Wij Gawi's Armour Shoppe.
  6805 | D:7      | Bought a +1 chain mail of cold resistance for 181 gold
                  | pieces
  6805 | D:7      | Bought a +1 helmet of see invisible for 181 gold pieces
  6846 | D:7      | Noticed a troll
  6873 | D:7      | Killed a troll
  7091 | D:7      | Reached *** piety under Okawaru
  7167 | D:7      | Found an ancient bone altar of Kikubaaqudgha.
  7201 | D:6      | HP: 2/51 [wight/+4 great sword (13)]
  7637 | D:7      | Found a snail-covered altar of Cheibriados.
  8046 | D:7      | Reached skill level 12 in Long Blades
  8236 | D:7      | Reached XP level 10. HP: 44/56 MP: 13/13
  8523 | D:8      | Reached skill level 5 in Invocations
  8649 | D:8      | Noticed Maggie
  8658 | D:8      | Killed Maggie
  8667 | D:8      | Noticed Joseph
  8673 | D:8      | Paralysed by Joseph for 2 turns
  8693 | D:8      | Paralysed by Joseph for 2 turns
  8694 | D:8      | HP: 2/56 [Joseph/sling bullet (3)]
  8694 | D:8      | Slain by a goblin

Illustrated notes

Levels and vault maps discovered:
D:1:      eino_arrival_druids_welcome, layout_basic
D:2:      minmay_skewed_foursquare, layout_basic,
          chequers_ecumenical_altar_twisty, columned_hall_lemuel, uniq_jessica
D:3:      layout_loops_ring, mainiacjoe_overflow_24_doors, grunt_ministairs_15,
          uniq_terence, uniq_robin, uniq_grinder
D:4:      minmay_angry_zag, layout_basic, okawaru_trees_2,
          gammafunk_temple_overflow_elements
D:5:      minmay_evil_eye, layout_basic, minmay_temple_entry_gardened_gates,
          serial_shops, nicolae_shop_just_a_little_nook, uniq_edmund
D:6:      kennysheep_six_static_rooms, layout_basic, nicolae_fountain_basement
D:7:      layout_loops_cross, mainiacjoe_overflow_boulevard,
          kiku_gazebo_garden_becter, serial_shops, shop
D:8:      layout_basic, fedhas_altar_3, enter_bailey_3,
          minmay_misc_feat_encased, abandoned_shop, uniq_maggie, uniq_joseph

Skill      XL: |  1  2  3  4  5  6  7  8  9 10 |
---------------+-------------------------------+-----
Long Blades    | 2 3 4 6 8 10 12 | 12.6
Invocations    | 4 5 |  5.0
Fighting       | |  3.2
Armour         | |  3.2
Shields        | |  3.2

Action                     |  1- 3 |  4- 6 |  7- 9 | 10-12 || total
---------------------------+-------+-------+-------+-------++-------
  Melee: Long sword        |   119 |   151 |   513 |       ||   783
         Scimitar          |       |       |    96 |    79 ||   175
   Fire: Sling             |       |       |    15 |       ||    15
 Invoke: Heroism           |       |       |       |     1 ||     1
  Evoke: Wand              |       |     2 |     3 |     6 ||    11
    Use: Scroll            |     1 |     1 |     6 |     1 ||     9
         Potion            |       |       |     1 |     2 ||     3
   Stab: Paralysed         |       |       |       |    10 ||    10
 Armour: Scale mail        |    47 |       |       |       ||    47
         Ring mail         |    18 |   121 |   335 |       ||   474
         Chain mail        |       |       |   153 |    78 ||   231
  Dodge: Dodged            |    52 |   108 |   269 |    40 ||   469
  Block: Buckler           |    27 |    42 |    21 |       ||    90
         Kite shield       |       |       |   250 |    58 ||   308

Table legend: (Time is in decaauts)
 A = Elapsed time spent in this place.
 B = Non-inter-level travel time spent in this place.
 C = Inter-level travel time spent in this place.
 D = Time resting spent in this place.
 E = Time spent auto-exploring this place.
 F = Levels seen in this place.
 G = Mean time per level.
                   A        B        C        D        E       F      G
               +--------+--------+--------+--------+--------+-----+--------+
         Total |   8786 |   8396 |    390 |   1559 |   4806 |   8 | 1098.2 |
       Dungeon |   8786 |   8396 |    390 |   1559 |   4806 |   8 | 1098.2 |
               +--------+--------+--------+--------+--------+-----+--------+

Top non-repeatable levels by time:
     D:6: 1839 daAuts
     D:4: 1371 daAuts
     D:2: 1245 daAuts
     D:7: 1203 daAuts
     D:5: 1169 daAuts
     D:3: 965 daAuts
     D:1: 767 daAuts
     D:8: 226 daAuts
